 Dungeon Crawl Stone Soup version 0.30-a0-4-ga7cffc901d (webtiles) character file.

Game seed: 10734896986615574541

30 bearlyready the Vexing (level 3, -18/30 HPs)
             Began as a Hill Orc Arcane Marksman on Aug 22, 2022.
             Killed from afar by Terence (19 damage)
             ... with a bolt of light
             ... on level 1 of the Dungeon.
             The game lasted 00:01:53 (996 turns).

bearlyready the Vexing (Hill Orc Arcane Marksman)    Turns: 996, Time: 00:01:53

Health: -18/30     AC:  2    Str: 14    XL:     3   Next: 20%
Magic:  4/4        EV: 12    Int: 13    God:
Gold:   34         SH:  0    Dex: 11    Spells: 3/4 levels left

rFire   . . .      SeeInvis .    a - +1 sling
rCold   . . .      Faith    .    (no shield)
rNeg    . . .      Spirit   .    c - +0 robe
rPois   .          Reflect  .    (no helmet)
rElec   .          Harm     .    (no cloak)
rCorr   .          Rampage  .    (no gloves)
Will    .....                    (no boots)
Stlth   +.........               (no amulet)
HPRegen 0.10/turn                (no ring)
MPRegen 0.09/turn                (no ring)

@: no status effects
A: no striking features
a: no special abilities


You were on level 1 of the Dungeon.
You visited 1 branch of the dungeon, and saw 2 of its levels.

You collected 34 gold pieces.

Inventory:

Hand Weapons
 a - a +1 sling (weapon)
Armour
 c - a +0 robe (worn)
Scrolls
 b - a scroll of poison
 d - 2 scrolls of identify {unknown}
 e - a scroll of brand weapon {unknown}
 f - a scroll of vulnerability {unknown}
 j - a scroll of magic mapping {unknown}
Potions
 h - a potion of magic {unknown}
 i - a potion of lignification {unknown}


   Skills:
 + Level 2.7 Fighting
 + Level 2.6 Ranged Weapons
 - Level 1.5 Dodging
 - Level 1.0 Spellcasting
 - Level 3.0 Hexes


You had 3 spell levels left.
You knew the following spells:

 Your Spells              Type           Power      Damage    Failure   Level
a - Slow                  Hex            32%        N/A       9%          1

Your spell library contained the following spells:

 Spells                   Type           Power      Damage    Failure   Level
 Inner Flame              Hex/Fire       4%         N/A       41%         3
 Portal Projectile        Hex/Tloc       8%         N/A       41%         3
 Cause Fear               Hex            4%         N/A       63%         4


Dungeon Overview and Level Annotations

Branches:
Dungeon (2/15)

Altars:

Shops:
D:1 (

Annotations:
D:1 Terence
D:2 Sigmund


Message History

The quokka bites you but does no damage.
Terence completely misses you.
Fire: a) +1 sling
Press: ? - help, Q - select action, (/) - cycle Shift-Dir - straight line, f - quokka
Aim: a quokka (43% to hit)
You shoot a sling bullet. The sling bullet hits the quokka!
You kill the quokka!
The goblin closely misses you. Terence barely misses you.
Fire: a) +1 sling
Press: ? - help, Q - select action, (/) - cycle Shift-Dir - straight line, f - goblin
Aim: a goblin, wielding a +0 club (severely wounded, 47% to hit)
You shoot a sling bullet.
The sling bullet closely misses the goblin.
The goblin misses you. Terence hits you with a +0 short sword.
Fire: a) +1 sling
Press: ? - help, Q - select action, (/) - cycle Shift-Dir - straight line, f/p - goblin
Aim: a goblin, wielding a +0 club (severely wounded, 47% to hit)
You shoot a sling bullet.
The sling bullet closely misses the goblin.
The goblin hits you with a +0 club. Terence closely misses you.
Fire: a) +1 sling
Press: ? - help, Q - select action, (/) - cycle Shift-Dir - straight line, f/p - goblin
Aim: a goblin, wielding a +0 club (severely wounded, 47% to hit)
You shoot a sling bullet.
The sling bullet closely misses the goblin.
The goblin closely misses you. Terence hits you but does no damage.
The goblin closely misses you. Terence hits you with a +0 short sword.
* * * LOW HITPOINT WARNING * * *
Fire: a) +1 sling
Press: ? - help, Q - select action, (/) - cycle Shift-Dir - straight line, f/p - goblin
Aim: a goblin, wielding a +0 club (severely wounded, 47% to hit)
You shoot a sling bullet.
The sling bullet closely misses the goblin.
The goblin closely misses you. Terence hits you with a +0 short sword!
* * * LOW HITPOINT WARNING * * *
It was a potion of cancellation.
You feel magically purged. The goblin closely misses you.
Terence zaps a wand.
The bolt of light hits you!!
Ouch! That really hurt!
You die...

©##....#........# #.#.#
########........# #.#.#######
######.........## #.#.......#
.##©#.#........# #.#######†#
##.#<#.........# ###.# #.#
#.#.#.#........###...# #.#
.#.#.##.........##.### #.#
####...........@##.#########(#
############†@g...........#
################


You could see Terence and a goblin.

Vanquished Creatures
  An adder (D:1)
  2 endoplasms (D:1)
  2 giant cockroaches (D:1)
  2 goblins (D:1)
  3 hobgoblins (D:1)
  A quokka (D:1)
  A ball python (D:1)
  2 bats (D:1)
  2 frilled lizards (D:1)
  4 kobolds (D:1)
  A rat (D:1)
21 creatures vanquished.

Notes
Turn   | Place    | Note
-------+----------+-------------------------------------------
     0 | D:1      | bearlyready the Hill Orc Arcane Marksman began the quest
                  | for the Orb.
     0 | D:1      | Reached XP level 1. HP: 16/16 MP: 2/2
    59 | D:1      | Found Utekh's Weapon Shop.
   272 | D:1      | Reached XP level 2. HP: 19/24 MP: 3/3
   466 | D:1      | Found a faded altar of an unknown god.
   981 | D:2      | Noticed Terence
   985 | D:1      | Reached XP level 3. HP: 29/30 MP: 4/4
   988 | D:2      | Noticed Sigmund
   995 | D:1      | HP: 1/30 [Terence/+0 short sword (7)]
   996 | D:1      | Killed from afar by Terence

Illustrated notes

Levels and vault maps discovered:
D:1:      spicycebolla_arrival_risky_transporter, layout_basic, serial_shops,
          nicolae_shop_bloodbath_and_beyond,
          dreamdust_ecumenical_altar_hidden_monk_grotto
D:2:      layout_loops_ring, nrook_mini_backslash, uniq_terence, uniq_sigmund,
          uniq_jessica

Skill      XL: |  1 |
---------------+----+-----
Ranged Weapons | 2 |  2.6
Fighting       | 2 |  2.7
Dodging        | |  1.5
Spellcasting   | |  1.0
Hexes          | |  3.0

Action                   || total
-------------------------++-------
 Fire: Sling             ||    81
 Cast: Slow              ||     2
  Use: Potion            ||     1
Armor: Robe              ||    16
Dodge: Dodged            ||    58

Table legend: (Time is in decaauts)
 A = Elapsed time spent in this place.
 B = Non-inter-level travel time spent in this place.
 C = Inter-level travel time spent in this place.
 D = Time resting spent in this place.
 E = Time spent auto-exploring this place.
 F = Levels seen in this place.
 G = Mean time per level.
                   A        B        C        D        E       F      G
               +--------+--------+--------+--------+--------+-----+--------+
         Total |   1020 |    987 |     33 |      0 |    824 |   2 |  510.0 |
       Dungeon |   1020 |    987 |     33 |      0 |    824 |   2 |  510.0 |
               +--------+--------+--------+--------+--------+-----+--------+

Top non-repeatable levels by time:
     D:1: 1011 daAuts
     D:2: 9 daAuts
